 Dungeon Crawl Stone Soup version 0.22-a0-274-gf8199ec (webtiles) character file.

77674 tidbits the Martial Artist (level 15, 0/115 HPs)
             Began as a Gnoll Transmuter on Mar 13, 2018.
             Was a High Priest of Cheibriados.
             Slain by a tyrant leech (22 damage)
             ... on level 4 of the Swamp.
             The game lasted 01:07:55 (5560 turns).

tidbits the Martial Artist (Gnoll Transmuter)       Turns: 5560, Time: 01:07:55

Health: 0/115      AC: 14    Str: 27    XL:     15   Next: 57%
Magic:  25/29      EV: 24    Int: 35    God:    Cheibriados [*****.]
Gold:   939        SH:  0    Dex: 30    Spells: 1/35 levels left

rFire    . . .     SeeInvis .     - Unarmed
rCold    + . .     Gourm    .   (shield currently unavailable)
rNeg     . . .     Faith    .   B - +0 troll leather armour {Purgy}
rPois    .         Spirit   .   E - +2 helmet
rElec    .         Reflect  .   C - +2 cloak
rCorr    .         Harm     .   (gloves currently unavailable)
MR       +....                  (no boots)
Stlth    +++++.....             X - amulet of the acrobat
HPRegen  0.69/turn              l - ring of flight
MPRegen  0.21/turn              F - ring of protection from cold

@: blade hands (expiring), very slow
A: distributed training, fangs 1, hooves 1, yellow scales 1, strong nose
a: End Transformation, Bend Time, Temporal Distortion, Slouch, Step From Time,
Renounce Religion, Evoke Flight


You were on level 4 of the Swamp.
You worshipped Cheibriados.
Cheibriados was extremely pleased with you.
You were not hungry.
You had blades for hands.
You visited 4 branches of the dungeon, and saw 23 of its levels.
You also visited: Sewer, Bailey and Ice Cave.

You collected 990 gold pieces.
You spent 51 gold pieces at shops.

Inventory:

Hand Weapons
 a - a +2 dagger of venom (melded)
   (You took it off a goblin on level 2 of the Dungeon)
 f - a +2 demon trident of venom
   (You took it off a red devil on level 6 of the Lair of Beasts)
 H - the +3 war axe of Pestilence {flame, +Inv rF+ MR+}
   (You found it in an ice cave)

   It has been specially enchanted to burn those struck by it, causing extra
   injury to most foes and up to half again as much damage against particularly
   susceptible opponents.
   Big, fiery blades are also staple armaments of hydra-hunters.
   It protects you from fire.
   It affects your resistance to hostile enchantments.
   It lets you turn invisible.
 I - the +7 great mace "Undeadhunter" {disrupt, rN+}
   (You found it on level 4 of the Lair of Beasts)

   It protects you from negative energy.
 Q - a +1 scimitar of flaming
   (You took it off Erica on level 9 of the Dungeon)
Missiles
 h - 2 throwing nets {!f}
 n - 110 arrows
 D - 4 curare-tipped needles
 U - 31 tomahawks of returning (quivered)
Armour
 B - a +0 troll leather armour (worn) {Purgy}
 C - a +2 cloak (worn)
 E - a +2 helmet (worn)
 G - a +0 pair of gloves (melded)
Jewellery
 d - an uncursed ring of positive energy
   (You found it in an ice cave)
 i - an uncursed ring of protection from magic
   (You found it on level 6 of the Lair of Beasts)
 l - a ring of flight (left scythe-like blade)
   (You found it on level 2 of the Dungeon)
 m - an uncursed ring of ice
   (You found it on level 2 of the Dungeon)
 F - a ring of protection from cold (right scythe-like blade)
   (You found it on level 6 of the Lair of Beasts)
 T - an uncursed ring of protection from magic
   (You found it in a bailey)
 X - an amulet of the acrobat (around neck)
   (You found it in a bailey)
Wands
 e - a wand of disintegration (11)
 p - a wand of paralysis (19)
 q - a wand of acid (1)
 K - a wand of enslavement (26)
 V - a wand of scattershot (6)
 Y - a wand of flame (49)
Scrolls
 g - 4 scrolls of remove curse {unknown}
 j - a scroll of fog
 k - 2 scrolls of enchant weapon
 r - 9 scrolls of teleportation
 s - a scroll of blinking
 w - 2 scrolls of fear
 x - 2 scrolls of magic mapping
 y - 2 scrolls of immolation
 A - 2 scrolls of amnesia
 J - 3 scrolls of vulnerability
 M - a scroll of summoning
 W - 2 scrolls of acquirement {unknown}
 Z - a scroll of holy word {unknown}
Potions
 b - a potion of lignification {unknown}
 o - a potion of agility
 t - 2 potions of brilliance
 u - 2 potions of magic
 v - 2 potions of might
 z - a potion of heal wounds
 L - a potion of ambrosia {unknown}
 N - 6 potions of mutation {!q}
 O - a potion of flight {unknown}
 P - 5 potions of curing
 S - 2 potions of resistance
Miscellaneous
 R - a fan of gales (inert)
Comestibles
 c - 29 rations


   Skills:
 + Level 9.8 Fighting
 + Level 9.5 Short Blades
 + Level 9.5 Long Blades
 + Level 9.5 Axes
 + Level 9.5 Maces & Flails
 + Level 9.5 Polearms
 + Level 9.5 Staves
 + Level 9.5 Slings
 + Level 9.5 Bows
 + Level 9.5 Crossbows
 + Level 9.5 Throwing
 + Level 9.5 Armour
 + Level 10.5 Dodging
 + Level 9.5 Stealth
 + Level 9.5 Shields
 + Level 11.3 Unarmed Combat
 + Level 10.6 Spellcasting
 + Level 7.9 Conjurations
 + Level 7.9 Hexes
 + Level 7.9 Charms
 + Level 7.9 Summonings
 + Level 7.9 Necromancy
 + Level 7.9 Translocations
 + Level 8.9 Transmutations
 + Level 7.9 Fire Magic
 + Level 7.9 Ice Magic
 + Level 7.9 Air Magic
 + Level 7.9 Earth Magic
 + Level 7.9 Poison Magic
 + Level 10.3 Invocations
 + Level 9.5 Evocations


You had one spell level left.
You knew the following spells:

 Your Spells              Type           Power        Failure   Level  Hunger
e - Beastly Appendage     Tmut           ######       6%          1    None
h - Blade Hands           Tmut           ######....   21%         5    ##.....
i - Ice Form              Ice/Tmut       ######..     14%         4    None
k - Sticks to Snakes      Tmut           ######..     7%          2    None
o - Ozocubu's Armour      Chrm/Ice       ######..     10%         3    None
p - Spider Form           Tmut/Pois      ######....   10%         3    None
r - Regeneration          Chrm/Necr      ######....   10%         3    None
v - Borgnjor's Vile Clut  Necr/Erth      ######....   24%         5    ##.....
N - Animate Dead          Necr           N/A          14%         4    None
O - Olgreb's Toxic Radia  Pois           ######..     14%         4    None


Dungeon Overview and Level Annotations

Branches:
Dungeon (12/15)            Temple (1/1) D:7            Lair (6/6) D:11
  Swamp (4/4) Lair:2        Snake (0/4) Lair:3          Orc (0/2) D:9
  Slime: Lair:5-6

Altars:
Ashenzari
Cheibriados
Dithmenos
Fedhas
Gozag
Hepliaklqana
Kikubaaqudgha
Makhleb
Nemelex Xobeh
Okawaru
Sif Muna
Trog
Uskayaw
Wu Jian
Xom
Yredelemnul

Shops:
D:4 *

Portals:
Hell: Lair:6


Innate Abilities, Weirdness & Mutations

Your experience applies equally to all skills.
You have very sharp teeth.
Your uncanny sense of smell can sniff out nearby items.
You have large cloven feet.
You are partially covered in yellow scales. (AC +2)


Message History

Your kick misses the insubstantial wisp.
Your bite misses the insubstantial wisp.
The insubstantial wisp is severely damaged.
The insubstantial wisp thrums sharply.
You are struck by lightning.
The lightning arcs!
The insubstantial wisp thrums sharply.
The air around the insubstantial wisp crackles with electrical energy.
You slice the insubstantial wisp!!
You destroy the insubstantial wisp!
Cheibriados thoroughly appreciates the change of pace.
The insubstantial wisp blinks!
You slice the insubstantial wisp!!
You destroy the insubstantial wisp!
Cheibriados appreciates the change of pace.
Cheibriados raises the support of your attributes as your movement slows.
You feel sick. The insubstantial wisp misses you.
You shred the insubstantial wisp!!!
You destroy the insubstantial wisp!
Cheibriados thoroughly appreciates the change of pace.
You feel sick.
You enter the shallow water.
Moving in this stuff is going to be slow.
You feel sick.
You feel sick.
Your skin is crawling a little less now.
Your skin stops crawling.
You feel sick.
Your transformation is almost over.
You feel sick.
You enter the shallow water.
Moving in this stuff is going to be slow.
Your icy armour starts to melt.
Your hands revert to their normal proportions.
Your +2 dagger of venom unmelds from your body.
Your +0 pair of gloves unmelds from your body.
Your +2 dagger of venom begins to drip with poison!
You feel sick.
You are no longer poisoned.
You enter the shallow water.
Moving in this stuff is going to be slow.
Your icy armour evaporates.
You enter the shallow water.
Moving in this stuff is going to be slow.
A tyrant leech comes into view.
A swamp worm bursts forth from the water.
The swamp worm bites you but does no damage.
The tyrant leech completely misses you. The swamp worm misses you.
The tyrant leech bites you but does no damage.
The swamp worm barely misses you.
Unknown command.
The swamp worm completely misses you. The tyrant leech completely misses you.
The swamp worm completely misses you.
The swamp worm bites you but does no damage.
The tyrant leech completely misses you. The tyrant leech closely misses you.
The swamp worm bites you!
Casting: Regeneration (safe; 1% risk of failure)
Confirm with . or Enter, or press ? or * to list all spells.
Your hands turn into razor-sharp scythe blades.
Your +2 dagger of venom melds into your body.
Your +0 pair of gloves melds into your body.
Your +2 dagger of venom stops dripping with poison.
The swamp worm bites you! The tyrant leech misses you.
The swamp worm bites you!
You slash the tyrant leech!
You kick the tyrant leech, but do no damage.
The tyrant leech is moderately wounded.
The tyrant leech bites you!!
* * * LOW HITPOINT WARNING * * *
The tyrant leech draws strength from your injuries!
You slash the tyrant leech! Your kick misses the tyrant leech.
The tyrant leech is moderately wounded.
The swamp worm bites you!
* * * LOW HITPOINT WARNING * * *
The tyrant leech misses you.
You closely miss the tyrant leech.
You kick the tyrant leech, but do no damage.
The tyrant leech is moderately wounded.
The swamp worm bites you!!
* * * LOW HITPOINT WARNING * * *
You hit the tyrant leech.
You kick the tyrant leech, but do no damage.
The tyrant leech is heavily wounded.
Your transformation is almost over.
The swamp worm bites you but does no damage.
The tyrant leech misses you.
You closely miss the tyrant leech. You kick the tyrant leech.
You slash the tyrant leech. You bite the tyrant leech.
The tyrant leech is heavily wounded.
The swamp worm completely misses you.
You slice the tyrant leech!! Your kick misses the tyrant leech.
You slash the tyrant leech, but do no damage.
The tyrant leech is almost dead.
The swamp worm completely misses you. The tyrant leech closely misses you.
You completely miss the tyrant leech. Your kick misses the tyrant leech.
Your bite misses the tyrant leech.
The tyrant leech is almost dead.
The swamp worm bites you!
* * * LOW HITPOINT WARNING * * *
The tyrant leech bites you!!
You die...

.≈≈≈≈≈ .≈≈≈≈≈♣ ≈≈≈
.≈≈..≈≈♣♣♣♣♣♣♣≈≈.♣
..≈≈.≈.≈♣♣.≈♣≈≈≈.♣
≈..≈...≈≈.≈.≈...♣♣
≈≈≈...§≈≈≈≈≈..≈.≈♣♣♣♣
♣♣≈♣♣.≈≈≈≈≈≈≈§≈≈≈≈≈≈♣♣
♣.≈ww≈≈§≈≈≈≈≈≈.§≈♣♣♣
♣..@.≈..≈≈≈≈≈≈≈..≈≈♣
♣♣...≈≈.≈≈≈≈≈≈≈≈...♣
♣≈≈.♣♣.≈≈≈.≈≈≈≈..≈.
♣≈≈≈≈♣♣♣.....≈≈≈.≈≈≈
♣♣...♣ ♣♣♣≈..≈≈≈.≈≈≈
♣≈≈♣♣ ♣♣♣♣♣.≈....
♣≈.♣♣ ♣♣♣≈..≈.≈≈≈
♣≈≈≈.♣ ♣..)..≈≈.≈≈
≈≈≈≈.≈♣♣♣.≈(≈§≈≈...


You could see a tyrant leech and a swamp worm.

Vanquished Creatures
  A frost giant (IceCv)
  An orc warlord (Bailey)
  The ghost of Demitroll the Eclecticist, a journeyman DEWz of Vehumet (Lair:6)
  A fire dragon (Lair:4)
  2 hydras
  Erica (D:9)
  4 two-headed ogres
  2 death yaks
  A sixfirhy (Lair:6)
  A wizard (Lair:6)
  A shambling mangrove (Swamp:2)
  A swamp dragon (Swamp:4)
  3 oklob plants (Lair:6)
  A black mamba (Lair:6)
  11 elephants
  An ice statue (IceCv)
  Maurice (D:9)
  An orange demon (Lair:6)
  5 spiny frogs
  26 rime drakes
  A kobold demonologist (D:11)
  2 komodo dragons (Lair:6)
  2 ice devils (Lair:6)
  A troll (D:11)
  3 red devils (Lair:6)
  The ghost of DEFE the Cleaver, an amateur HOMo of Nemelex Xobeh (D:4)
  3 tyrant leeches
  4 hornets
  9 blink frogs
  3 bog bodies
  16 polar bears (IceCv)
  4 slime creatures (Swamp:2)
  5 hippogriffs
  3 orc warriors
  A soldier ant (D:9)
  26 yaks
  2 hungry ghosts
  8 steam dragons
  4 swamp worms
  10 insubstantial wisps
  6 water moccasins
  4 porcupines
  3 hell hounds (Lair:6)
  Purgy (Sewer)
  The ghost of DEFE the Gouger, an amateur FeWn of Kikubaaqudgha (D:5)
  3 swamp drakes
  10 ice beasts
  3 sky beasts
  A phantom (D:8)
  7 centaurs
  30 wolves
  An ogre (D:5)
  5 crocodiles
  2 big kobolds (D:11)
  5 bullfrogs
  2 wyvern zombies
  A scorpion (D:4)
  A wyvern skeleton (D:7)
  2 killer bees (D:9)
  2 howler monkeys
  A bullfrog zombie (D:7)
  3 crimson imps
  A quasit (D:6)
  A centaur zombie (D:10)
  4 hounds
  3 jellies
  4 orc wizards
  2 iguanas
  6 worker ants
  A worker ant zombie (D:7)
  5 gnolls
  6 adders
  A shadow imp (D:5)
  An ooze (D:6)
  An adder skeleton (D:7)
  4 worms
  A dart slug (D:3)
  A leopard gecko (D:6)
  14 orcs
  5 giant cockroaches
  5 hobgoblins
  A jackal (D:5)
  15 kobolds
  4 quokkas
  3 ball pythons
  6 bats
  5 frilled lizards
  9 goblins
  3 rats (D:4)
380 creatures vanquished.

Vanquished Creatures (collateral kills)
  An elephant (Lair:6)
  A smoke demon (Lair:6)
  A hornet (D:9)
  An acid dragon (D:11)
  A centaur (D:9)
  A bullfrog (D:9)
  A killer bee (D:9)
  A centaur skeleton (D:9)
  An orc wizard (D:11)
  An adder (D:2)
  An adder zombie (D:5)
  2 orcs (D:11)
  A jackal (D:5)
  A kobold (D:11)
  A rat (D:1)
  A fungus (Lair:6)
  2 plants (Lair:6)
19 creatures vanquished.

Vanquished Creatures (others)
  A hornet (D:9)
  A killer bee (D:9)
  5 orcs (D:9)
  6 fungi
  A plant (Lair:6)
14 creatures vanquished.

Grand Total: 413 creatures vanquished

Notes
Turn   | Place    | Note
-------+----------+-------------------------------------------
     0 | D:1      | tidbits the Gnoll Transmuter began the quest for the Orb.
     0 | D:1      | Reached XP level 1. HP: 17/17 MP: 6/6
   101 | D:1      | Reached XP level 2. HP: 23/23 MP: 5/7
   105 | D:1      | Learned a level 2 spell: Sticks to Snakes
   157 | D:2      | Found a shimmering altar of Xom.
   157 | D:2      | Found a shimmering altar of Xom.
   227 | D:1      | Reached XP level 3. HP: 27/28 MP: 5/9
   261 | D:3      | Reached skill level 5 in Spellcasting
   318 | D:3      | Learned a level 3 spell: Spider Form
   346 | D:3      | Reached skill level 1 in Invocations
   431 | D:3      | Learned a level 3 spell: Regeneration
   482 | D:5      | Entered Level 5 of the Dungeon
   576 | D:4      | Noticed a scorpion
   583 | D:4      | Killed a scorpion
   583 | D:4      | Reached skill level 1 in Short Blades
   583 | D:4      | Reached skill level 1 in Long Blades
   583 | D:4      | Reached skill level 1 in Axes
   583 | D:4      | Reached skill level 1 in Maces & Flails
   583 | D:4      | Reached skill level 1 in Polearms
   583 | D:4      | Reached skill level 1 in Staves
   583 | D:4      | Reached skill level 1 in Slings
   583 | D:4      | Reached skill level 1 in Bows
   583 | D:4      | Reached skill level 1 in Crossbows
   583 | D:4      | Reached skill level 1 in Throwing
   583 | D:4      | Reached skill level 1 in Armour
   583 | D:4      | Reached skill level 1 in Stealth
   583 | D:4      | Reached skill level 1 in Shields
   583 | D:4      | Reached skill level 1 in Conjurations
   583 | D:4      | Reached skill level 1 in Hexes
   583 | D:4      | Reached skill level 1 in Charms
   583 | D:4      | Reached skill level 1 in Summonings
   583 | D:4      | Reached skill level 1 in Necromancy
   583 | D:4      | Reached skill level 1 in Translocations
   583 | D:4      | Reached skill level 1 in Fire Magic
   583 | D:4      | Reached skill level 1 in Ice Magic
   583 | D:4      | Reached skill level 1 in Air Magic
   583 | D:4      | Reached skill level 1 in Earth Magic
   583 | D:4      | Reached skill level 1 in Poison Magic
   583 | D:4      | Reached skill level 1 in Evocations
   583 | D:4      | Reached XP level 4. HP: 15/34 MP: 4/11
   590 | D:4      | Reached XP level 5. HP: 25/40 MP: 2/12
   632 | D:4      | Noticed DEFE's ghost (amateur HOMo)
   668 | D:4      | Gained mutation: You have large cloven feet. [potion of mutation]
   668 | D:4      | Gained mutation: You are partially covered in yellow scales. (AC +2) [potion of mutation]
   692 | D:4      | Killed DEFE's ghost
   692 | D:4      | Reached skill level 3 in Fighting
   692 | D:4      | Reached skill level 2 in Short Blades
   692 | D:4      | Reached skill level 2 in Long Blades
   692 | D:4      | Reached skill level 2 in Axes
   692 | D:4      | Reached skill level 2 in Maces & Flails
   692 | D:4      | Reached skill level 2 in Polearms
   692 | D:4      | Reached skill level 2 in Staves
   692 | D:4      | Reached skill level 2 in Slings
   692 | D:4      | Reached skill level 2 in Bows
   692 | D:4      | Reached skill level 2 in Crossbows
   692 | D:4      | Reached skill level 2 in Throwing
   692 | D:4      | Reached skill level 2 in Armour
   692 | D:4      | Reached skill level 5 in Dodging
   692 | D:4      | Reached skill level 2 in Stealth
   692 | D:4      | Reached skill level 2 in Shields
   692 | D:4      | Reached skill level 4 in Transmutations
   692 | D:4      | Reached skill level 2 in Invocations
   692 | D:4      | Reached skill level 2 in Evocations
   692 | D:4      | Reached XP level 6. HP: 25/47 MP: 2/14
   703 | D:4      | Found Dazxew's Assorted Antiques.
   740 | D:4      | Bought a bubbling puce potion for 24 gold pieces
   740 | D:4      | Bought a scroll labeled TELOASIFA for 27 gold pieces
   777 | D:4      | Found a glowing drain.
   781 | Sewer    | Entered a sewer
   810 | Sewer    | Noticed Purgy
   821 | Sewer    | Killed Purgy
   821 | Sewer    | Reached XP level 7. HP: 50/52 MP: 8/15
  1022 | D:5      | Reached skill level 7 in Unarmed Combat
  1025 | D:5      | Reached skill level 2 in Conjurations
  1025 | D:5      | Reached skill level 2 in Hexes
  1025 | D:5      | Reached skill level 2 in Charms
  1025 | D:5      | Reached skill level 2 in Summonings
  1025 | D:5      | Reached skill level 2 in Necromancy
  1025 | D:5      | Reached skill level 2 in Translocations
  1025 | D:5      | Reached skill level 2 in Fire Magic
  1025 | D:5      | Reached skill level 2 in Ice Magic
  1025 | D:5      | Reached skill level 2 in Air Magic
  1025 | D:5      | Reached skill level 2 in Earth Magic
  1025 | D:5      | Reached skill level 2 in Poison Magic
  1155 | D:5      | Noticed DEFE's ghost (amateur FeWn)
  1163 | D:5      | Killed DEFE's ghost
  1163 | D:5      | Reached skill level 3 in Invocations
  1282 | D:6      | Reached XP level 8. HP: 58/60 MP: 7/16
  1414 | D:6      | Reached skill level 4 in Fighting
  1481 | D:6      | Found a blossoming altar of Fedhas.
  1492 | D:6      | Reached skill level 3 in Short Blades
  1492 | D:6      | Reached skill level 3 in Long Blades
  1492 | D:6      | Reached skill level 3 in Axes
  1492 | D:6      | Reached skill level 3 in Maces & Flails
  1492 | D:6      | Reached skill level 3 in Polearms
  1492 | D:6      | Reached skill level 3 in Staves
  1492 | D:6      | Reached skill level 3 in Slings
  1492 | D:6      | Reached skill level 3 in Bows
  1492 | D:6      | Reached skill level 3 in Crossbows
  1492 | D:6      | Reached skill level 3 in Throwing
  1492 | D:6      | Reached skill level 3 in Armour
  1492 | D:6      | Reached skill level 3 in Stealth
  1492 | D:6      | Reached skill level 3 in Shields
  1492 | D:6      | Reached skill level 3 in Evocations
  1541 | D:7      | Learned a level 5 spell: Blade Hands
  1556 | D:7      | Reached skill level 6 in Spellcasting
  1693 | D:8      | Reached skill level 4 in Invocations
  1704 | D:8      | Reached skill level 3 in Conjurations
  1704 | D:8      | Reached skill level 3 in Hexes
  1704 | D:8      | Reached skill level 3 in Charms
  1704 | D:8      | Reached skill level 3 in Summonings
  1704 | D:8      | Reached skill level 3 in Necromancy
  1704 | D:8      | Reached skill level 3 in Translocations
  1704 | D:8      | Reached skill level 3 in Fire Magic
  1704 | D:8      | Reached skill level 3 in Ice Magic
  1704 | D:8      | Reached skill level 3 in Air Magic
  1704 | D:8      | Reached skill level 3 in Earth Magic
  1704 | D:8      | Reached skill level 3 in Poison Magic
  1768 | D:7      | Reached XP level 9. HP: 66/66 MP: 14/18
  1770 | D:7      | Reached skill level 6 in Dodging
  1807 | D:7      | Reached skill level 5 in Transmutations
  1906 | D:7      | Found a staircase to the Ecumenical Temple.
  1927 | Temple   | Entered the Ecumenical Temple
  2020 | Temple   | Became a worshipper of Cheibriados the Contemplative
  2088 | D:7      | Reached skill level 4 in Short Blades
  2088 | D:7      | Reached skill level 4 in Long Blades
  2088 | D:7      | Reached skill level 4 in Axes
  2088 | D:7      | Reached skill level 4 in Maces & Flails
  2088 | D:7      | Reached skill level 4 in Polearms
  2088 | D:7      | Reached skill level 4 in Staves
  2088 | D:7      | Reached skill level 4 in Slings
  2088 | D:7      | Reached skill level 4 in Bows
  2088 | D:7      | Reached skill level 4 in Crossbows
  2088 | D:7      | Reached skill level 4 in Throwing
  2088 | D:7      | Reached skill level 4 in Armour
  2088 | D:7      | Reached skill level 4 in Stealth
  2088 | D:7      | Reached skill level 4 in Shields
  2088 | D:7      | Reached skill level 4 in Evocations
  2215 | D:8      | Reached skill level 5 in Fighting
  2289 | D:10     | Entered Level 10 of the Dungeon
  2346 | D:9      | Found a staircase to the Orcish Mines.
  2358 | D:9      | Reached * piety under Cheibriados
  2358 | D:9      | Reached skill level 8 in Unarmed Combat
  2478 | D:9      | Noticed a two-headed ogre
  2486 | D:9      | Killed a two-headed ogre
  2486 | D:9      | Reached skill level 7 in Spellcasting
  2486 | D:9      | Reached skill level 4 in Conjurations
  2486 | D:9      | Reached skill level 4 in Hexes
  2486 | D:9      | Reached skill level 4 in Charms
  2486 | D:9      | Reached skill level 4 in Summonings
  2486 | D:9      | Reached skill level 4 in Necromancy
  2486 | D:9      | Reached skill level 4 in Translocations
  2486 | D:9      | Reached skill level 4 in Fire Magic
  2486 | D:9      | Reached skill level 4 in Ice Magic
  2486 | D:9      | Reached skill level 4 in Air Magic
  2486 | D:9      | Reached skill level 4 in Earth Magic
  2486 | D:9      | Reached skill level 4 in Poison Magic
  2486 | D:9      | Reached skill level 5 in Invocations
  2486 | D:9      | Reached XP level 10. HP: 50/74 MP: 16/20
  2524 | D:9      | Noticed Erica
  2540 | D:9      | Killed Erica
  2540 | D:9      | Reached skill level 5 in Short Blades
  2540 | D:9      | Reached skill level 5 in Long Blades
  2540 | D:9      | Reached skill level 5 in Axes
  2540 | D:9      | Reached skill level 5 in Maces & Flails
  2540 | D:9      | Reached skill level 5 in Polearms
  2540 | D:9      | Reached skill level 5 in Staves
  2540 | D:9      | Reached skill level 5 in Slings
  2540 | D:9      | Reached skill level 5 in Bows
  2540 | D:9      | Reached skill level 5 in Crossbows
  2540 | D:9      | Reached skill level 5 in Throwing
  2540 | D:9      | Reached skill level 5 in Armour
  2540 | D:9      | Reached skill level 5 in Stealth
  2540 | D:9      | Reached skill level 5 in Shields
  2540 | D:9      | Reached skill level 5 in Evocations
  2562 | D:9      | Learned a level 4 spell: Animate Dead
  2598 | D:9      | Noticed Maurice
  2608 | D:9      | Killed Maurice
  2630 | D:9      | Reached skill level 7 in Dodging
  2648 | D:9      | Noticed a two-headed ogre
  2660 | D:9      | Killed a two-headed ogre
  2660 | D:9      | Reached skill level 6 in Fighting
  2790 | D:9      | Reached skill level 6 in Transmutations
  2790 | D:9      | Reached skill level 6 in Invocations
  2822 | D:9      | Paralysed by a hornet for 3 turns
  2839 | D:9      | HP: 10/114 [poisoned by a hornet]
  2843 | D:9      | HP: 4/76 [poisoned by a hornet]
  2848 | D:9      | HP: 6/76 [poisoned by a hornet]
  2911 | D:10     | Reached ** piety under Cheibriados
  2956 | D:11     | Noticed a kobold demonologist
  2958 | D:11     | Noticed a soul eater
  2958 | D:11     | Killed a kobold demonologist
  2966 | D:11     | Reached XP level 11. HP: 73/82 MP: 14/22
  3000 | D:12     | Noticed a two-headed ogre
  3006 | D:12     | Killed a two-headed ogre
  3008 | D:12     | Noticed a two-headed ogre
  3012 | D:12     | Killed a two-headed ogre
  3012 | D:12     | Reached skill level 6 in Short Blades
  3012 | D:12     | Reached skill level 6 in Long Blades
  3012 | D:12     | Reached skill level 6 in Axes
  3012 | D:12     | Reached skill level 6 in Maces & Flails
  3012 | D:12     | Reached skill level 6 in Polearms
  3012 | D:12     | Reached skill level 6 in Staves
  3012 | D:12     | Reached skill level 6 in Slings
  3012 | D:12     | Reached skill level 6 in Bows
  3012 | D:12     | Reached skill level 6 in Crossbows
  3012 | D:12     | Reached skill level 6 in Throwing
  3012 | D:12     | Reached skill level 6 in Armour
  3012 | D:12     | Reached skill level 6 in Stealth
  3012 | D:12     | Reached skill level 6 in Shields
  3012 | D:12     | Reached skill level 9 in Unarmed Combat
  3012 | D:12     | Reached skill level 6 in Evocations
  3038 | D:12     | Learned a level 4 spell: Olgreb's Toxic Radiance
  3061 | D:11     | Reached skill level 5 in Conjurations
  3061 | D:11     | Reached skill level 5 in Hexes
  3061 | D:11     | Reached skill level 5 in Charms
  3061 | D:11     | Reached skill level 5 in Summonings
  3061 | D:11     | Reached skill level 5 in Necromancy
  3061 | D:11     | Reached skill level 5 in Translocations
  3061 | D:11     | Reached skill level 5 in Fire Magic
  3061 | D:11     | Reached skill level 5 in Ice Magic
  3061 | D:11     | Reached skill level 5 in Air Magic
  3061 | D:11     | Reached skill level 5 in Earth Magic
  3061 | D:11     | Reached skill level 5 in Poison Magic
  3080 | D:11     | Found a flagged portal.
  3103 | Bailey   | Entered a bailey
  3108 | Bailey   | Noticed an orc warlord
  3150 | Bailey   | Reached *** piety under Cheibriados
  3188 | Bailey   | Found a runed gate.
  3188 | Bailey   | Found a runed gate.
  3188 | Bailey   | Found a runed gate.
  3196 | Bailey   | Reached skill level 8 in Spellcasting
  3246 | Bailey   | Killed an orc warlord
  3323 | D:11     | Found a staircase to the Lair.
  3342 | Lair:1   | Entered Level 1 of the Lair of Beasts
  3418 | Lair:2   | Reached skill level 7 in Invocations
  3424 | Lair:2   | Reached **** piety under Cheibriados
  3447 | Lair:2   | Reached skill level 7 in Fighting
  3447 | Lair:2   | Reached skill level 8 in Dodging
  3448 | Lair:2   | Noticed a seven-headed hydra
  3634 | Lair:3   | Found a staircase to the Snake Pit.
  3647 | Lair:4   | Noticed an eight-headed hydra
  3674 | Lair:3   | Learned a level 4 spell: Ice Form
  3675 | Lair:3   | Found a frozen archway.
  3705 | IceCv    | Entered an ice cave
  3760 | IceCv    | Reached ***** piety under Cheibriados
  3760 | IceCv    | Reached XP level 12. HP: 91/91 MP: 19/24
  3835 | IceCv    | Reached skill level 7 in Transmutations
  3850 | IceCv    | Reached skill level 7 in Short Blades
  3850 | IceCv    | Reached skill level 7 in Long Blades
  3850 | IceCv    | Reached skill level 7 in Axes
  3850 | IceCv    | Reached skill level 7 in Maces & Flails
  3850 | IceCv    | Reached skill level 7 in Polearms
  3850 | IceCv    | Reached skill level 7 in Staves
  3850 | IceCv    | Reached skill level 7 in Slings
  3850 | IceCv    | Reached skill level 7 in Bows
  3850 | IceCv    | Reached skill level 7 in Crossbows
  3850 | IceCv    | Reached skill level 7 in Throwing
  3850 | IceCv    | Reached skill level 7 in Armour
  3850 | IceCv    | Reached skill level 7 in Stealth
  3850 | IceCv    | Reached skill level 7 in Shields
  3850 | IceCv    | Reached skill level 7 in Evocations
  4032 | IceCv    | Reached skill level 6 in Conjurations
  4032 | IceCv    | Reached skill level 6 in Hexes
  4032 | IceCv    | Reached skill level 6 in Charms
  4032 | IceCv    | Reached skill level 6 in Summonings
  4032 | IceCv    | Reached skill level 6 in Necromancy
  4032 | IceCv    | Reached skill level 6 in Translocations
  4032 | IceCv    | Reached skill level 6 in Fire Magic
  4032 | IceCv    | Reached skill level 6 in Ice Magic
  4032 | IceCv    | Reached skill level 6 in Air Magic
  4032 | IceCv    | Reached skill level 6 in Earth Magic
  4032 | IceCv    | Reached skill level 6 in Poison Magic
  4046 | IceCv    | Reached skill level 8 in Invocations
  4053 | IceCv    | Reached skill level 9 in Spellcasting
  4090 | IceCv    | Noticed a death yak
  4090 | IceCv    | Noticed a frost giant
  4101 | IceCv    | Killed a death yak
  4111 | IceCv    | Reached skill level 8 in Fighting
  4111 | IceCv    | Reached skill level 10 in Unarmed Combat
  4162 | IceCv    | Killed a frost giant
  4162 | IceCv    | Reached skill level 9 in Dodging
  4177 | IceCv    | Identified Lodd's Compendium of the Glacier
  4180 | IceCv    | Got a jewelled war axe
  4193 | IceCv    | Identified the +3 war axe of Pestilence {flame, +Inv rF+ MR+} (You found it in an ice cave)
  4282 | Lair:4   | Found a shattered altar of Ashenzari.
  4296 | Lair:4   | Reached XP level 13. HP: 98/98 MP: 17/26
  4316 | Lair:4   | Noticed a fire dragon
  4339 | Lair:4   | Reached skill level 8 in Short Blades
  4339 | Lair:4   | Reached skill level 8 in Long Blades
  4339 | Lair:4   | Reached skill level 8 in Axes
  4339 | Lair:4   | Reached skill level 8 in Maces & Flails
  4339 | Lair:4   | Reached skill level 8 in Polearms
  4339 | Lair:4   | Reached skill level 8 in Staves
  4339 | Lair:4   | Reached skill level 8 in Slings
  4339 | Lair:4   | Reached skill level 8 in Bows
  4339 | Lair:4   | Reached skill level 8 in Crossbows
  4339 | Lair:4   | Reached skill level 8 in Throwing
  4339 | Lair:4   | Reached skill level 8 in Armour
  4339 | Lair:4   | Reached skill level 8 in Stealth
  4339 | Lair:4   | Reached skill level 8 in Shields
  4339 | Lair:4   | Reached skill level 8 in Evocations
  4353 | Lair:4   | Killed a fire dragon
  4400 | Lair:4   | Found the +7 great mace "Undeadhunter" {disrupt, rN+}
  4465 | Lair:5   | Reached skill level 9 in Invocations
  4479 | Lair:6   | Entered Level 6 of the Lair of Beasts
  4597 | Lair:6   | Reached skill level 8 in Transmutations
  4610 | Lair:6   | Reached skill level 7 in Conjurations
  4610 | Lair:6   | Reached skill level 7 in Hexes
  4610 | Lair:6   | Reached skill level 7 in Charms
  4610 | Lair:6   | Reached skill level 7 in Summonings
  4610 | Lair:6   | Reached skill level 7 in Necromancy
  4610 | Lair:6   | Reached skill level 7 in Translocations
  4610 | Lair:6   | Reached skill level 7 in Fire Magic
  4610 | Lair:6   | Reached skill level 7 in Ice Magic
  4610 | Lair:6   | Reached skill level 7 in Air Magic
  4610 | Lair:6   | Reached skill level 7 in Earth Magic
  4610 | Lair:6   | Reached skill level 7 in Poison Magic
  4612 | Lair:6   | Noticed Demitroll's ghost (journeyman DEWz)
  4629 | Lair:6   | Killed Demitroll's ghost
  4648 | Lair:6   | Learned a level 5 spell: Borgnjor's Vile Clutch
  4682 | Lair:6   | Reached skill level 9 in Fighting
  4726 | Lair:6   | Reached skill level 10 in Spellcasting
  4749 | Lair:6   | Reached XP level 14. HP: 108/108 MP: 17/28
  4766 | Lair:6   | Reached ****** piety under Cheibriados
  4821 | Lair:6   | Found a burning altar of Makhleb.
  4832 | Lair:6   | Reached skill level 10 in Dodging
  4857 | Lair:6   | Found a gateway to Hell.
  4949 | Lair:5   | Found a basalt altar of Yredelemnul.
  5013 | Lair:4   | Reached skill level 11 in Unarmed Combat
  5015 | Lair:4   | Reached skill level 9 in Short Blades
  5015 | Lair:4   | Reached skill level 9 in Long Blades
  5015 | Lair:4   | Reached skill level 9 in Axes
  5015 | Lair:4   | Reached skill level 9 in Maces & Flails
  5015 | Lair:4   | Reached skill level 9 in Polearms
  5015 | Lair:4   | Reached skill level 9 in Staves
  5015 | Lair:4   | Reached skill level 9 in Slings
  5015 | Lair:4   | Reached skill level 9 in Bows
  5015 | Lair:4   | Reached skill level 9 in Crossbows
  5015 | Lair:4   | Reached skill level 9 in Throwing
  5015 | Lair:4   | Reached skill level 9 in Armour
  5015 | Lair:4   | Reached skill level 9 in Stealth
  5015 | Lair:4   | Reached skill level 9 in Shields
  5015 | Lair:4   | Reached skill level 9 in Evocations
  5148 | Lair:2   | Found a staircase to the Swamp.
  5180 | Swamp:1  | Entered Level 1 of the Swamp
  5259 | Swamp:1  | Reached skill level 10 in Invocations
  5259 | Swamp:1  | Reached XP level 15. HP: 115/115 MP: 29/29
  5264 | Swamp:1  | Learned a level 3 spell: Ozocubu's Armour
  5479 | Swamp:4  | Entered Level 4 of the Swamp
  5560 | Swamp:4  | Slain by a tyrant leech

Vault maps used:
D:1:      dpeg_arrival_short_road, grunt_decor_mini_mirrors,
          minmay_curled_crystal
D:2:      makhleb_grotto_becter, xom_redecorated, zin_scriptorium,
          uniq_crazy_yiuf_cottage
D:4:      serial_shops, nicolae_shop_waterfront, gup_sewer_entry_bowl,
          first_ration, uniq_pikel
D:6:      vehumet_crystals, basic_altar, uniq_grinder
D:7:      minmay_temple_entry_glassed_door
D:9:      orc_david_3, serial_shops, kennysheep_mini_moat,
          hangedman_pestilent_swarm, uniq_maurice, uniq_erica
D:11:     lair_entry_dummy, lightli_bailey_entry_fortress, elyvilon_altar_4
D:12:     serial_shops, statue_bzr
Temple:   dpeg_five_rooms_temple
Lair:1:   serial_bayou_lake_a
Lair:2:   swamp_mist, grunt_megastairs_4
Lair:3:   dummy_snake_entry, portal_ice_cave_entry_ice_beasts, minmay_hedge_maze
Lair:4:   basic_altar, nicolae_volcano_entry_two_sided,
          bobbens_dragon_lair_wall, serial_bayou_shore_b
Lair:5:   slime_dummy, lemuel_centaur_altar, serial_bayou_shore_b
Lair:6:   evil_forest, minmay_lair_oklob_chamber, grunt_megastairs_2
Swamp:1:  nicolae_swamp_godswood
Swamp:2:  wheals_swamp_sinkhole, uniq_aizul
Swamp:3:  nicolae_swamp_very_dense_foliage
Swamp:4:  swamp_old_school, swamp_pool3, uniq_mara
Sewer:    sewer_co_purgy_island
Bailey:   bailey_axe_bossmonster_kennysheep, bailey
IceCv:    ice_cave_caverns_01

Skill      XL: |  1  2  3  4  5  6  7  8  9 10 11 12 13 14 |
---------------+-------------------------------------------+-----
Spellcasting   | 5 6 7 8 9 10 | 10.6
Invocations    | 1 2 3 4 5 6 7 8 9 10 | 10.3
Short Blades   | 1 2 3 4 5 6 7 8 9 |  9.5
Long Blades    | 1 2 3 4 5 6 7 8 9 |  9.5
Axes           | 1 2 3 4 5 6 7 8 9 |  9.5
Maces & Flails | 1 2 3 4 5 6 7 8 9 |  9.5
Polearms       | 1 2 3 4 5 6 7 8 9 |  9.5
Staves         | 1 2 3 4 5 6 7 8 9 |  9.5
Slings         | 1 2 3 4 5 6 7 8 9 |  9.5
Bows           | 1 2 3 4 5 6 7 8 9 |  9.5
Crossbows      | 1 2 3 4 5 6 7 8 9 |  9.5
Throwing       | 1 2 3 4 5 6 7 8 9 |  9.5
Armour         | 1 2 3 4 5 6 7 8 9 |  9.5
Stealth        | 1 2 3 4 5 6 7 8 9 |  9.5
Shields        | 1 2 3 4 5 6 7 8 9 |  9.5
Conjurations   | 1 2 3 4 5 6 7 |  7.9
Hexes          | 1 2 3 4 5 6 7 |  7.9
Charms         | 1 2 3 4 5 6 7 |  7.9
Summonings     | 1 2 3 4 5 6 7 |  7.9
Necromancy     | 1 2 3 4 5 6 7 |  7.9
Translocations | 1 2 3 4 5 6 7 |  7.9
Fire Magic     | 1 2 3 4 5 6 7 |  7.9
Ice Magic      | 1 2 3 4 5 6 7 |  7.9
Air Magic      | 1 2 3 4 5 6 7 |  7.9
Earth Magic    | 1 2 3 4 5 6 7 |  7.9
Poison Magic   | 1 2 3 4 5 6 7 |  7.9
Evocations     | 1 2 3 4 5 6 7 8 9 |  9.5
Fighting       | 3 4 5 6 7 8 9 |  9.8
Dodging        | 5 6 7 8 9 10 | 10.5
Transmutations | 4 5 6 7 8 |  8.9
Unarmed Combat | 7 8 9 10 11 | 11.3

Action                   |  1- 3 |  4- 6 |  7- 9 | 10-12 | 13-15 || total
-------------------------+-------+-------+-------+-------+-------++-------
Melee: Unarmed           |    48 |    11 |   201 |   283 |   167 ||   710
       Bite              |     3 |       |       |    23 |    32 ||    58
       Dagger            |    21 |    30 |    30 |    26 |    20 ||   127
       Kick              |     7 |    12 |     9 |    67 |    87 ||   182
       Punch             |     1 |     1 |       |     7 |    11 ||    20
       Headbutt          |       |     5 |       |       |       ||     5
       War axe           |       |       |       |     1 |       ||     1
 Cast: Beastly Appendage |    10 |     3 |     1 |       |       ||    14
       Sticks to Snakes  |     4 |     1 |    13 |    20 |     3 ||    41
       Spider Form       |     5 |     2 |    23 |    14 |     1 ||    45
       Regeneration      |     1 |     3 |     2 |    20 |    10 ||    36
       Blade Hands       |       |       |     1 |    12 |    27 ||    40
       Olgreb's Toxic Ra |       |       |       |     8 |     5 ||    13
       Ice Form          |       |       |       |     4 |       ||     4
       Borgnjor's Vile C |       |       |       |       |     5 ||     5
       Animate Dead      |       |       |       |       |     2 ||     2
       Ozocubu's Armour  |       |       |       |       |     2 ||     2
Invok: Slouch            |       |       |       |       |     7 ||     7
 Abil: End Transformatio |       |       |       |     7 |     5 ||    12
       Evoke Flight      |       |       |       |       |     3 ||     3
Evoke: Wand              |       |       |     9 |    20 |    25 ||    54
       Fan of gales      |       |       |       |       |     1 ||     1
  Use: Potion            |       |     6 |     3 |     5 |     6 ||    20
       Scroll            |       |       |     9 |     6 |     6 ||    21
 Stab: Sleeping          |     1 |       |     8 |    11 |     5 ||    25
       Invisible         |       |     2 |       |       |       ||     2
       Distracted        |       |       |     3 |     2 |     2 ||     7
       Paralysed         |       |       |       |     3 |     5 ||     8
  Eat: Chunk             |       |     1 |     5 |     6 |     4 ||    16
       Ration            |       |       |     1 |       |     2 ||     3
Armor: Robe              |    12 |     4 |       |       |       ||    16
       Troll leather arm |       |       |    10 |    21 |    31 ||    62
       Skin              |       |       |     9 |    17 |     2 ||    28
Dodge: Dodged            |    49 |    42 |   208 |   444 |   235 ||   978

Table legend:
 A = Spawn XP
 B = Non-spawn XP
 C = Spawn XP percentage of total XP
 D = Spawn monster count
 E = Non-spawn monster count
 F = Spawn count percentage of total count
 G = Total turns spent on level
                    A         B        C        D         E        F      G
               +---------+---------+-------+---------+---------+-------+---------
         Total |       0 |   74513 |   0.0 |       0 |     396 |   0.0 |  5560
               +---------+---------+-------+---------+---------+-------+---------
           D:1 |       0 |      16 |   0.0 |       0 |      11 |   0.0 |   127
           D:2 |       0 |      23 |   0.0 |       0 |       7 |   0.0 |   139
           D:3 |       0 |      32 |   0.0 |       0 |      12 |   0.0 |   250
           D:4 |       0 |     430 |   0.0 |       0 |       9 |   0.0 |   315
           D:5 |       0 |     514 |   0.0 |       0 |      15 |   0.0 |   348
           D:6 |       0 |     268 |   0.0 |       0 |      10 |   0.0 |   225
           D:7 |       0 |    1161 |   0.0 |       0 |      20 |   0.0 |   466
           D:8 |       0 |     839 |   0.0 |       0 |      14 |   0.0 |   147
           D:9 |       0 |    5050 |   0.0 |       0 |      23 |   0.0 |   607
          D:10 |       0 |     270 |   0.0 |       0 |       4 |   0.0 |    90
          D:11 |       0 |    1375 |   0.0 |       0 |      23 |   0.0 |   160
          D:12 |       0 |    1792 |   0.0 |       0 |       2 |   0.0 |    48
        Lair:1 |       0 |     457 |   0.0 |       0 |       2 |   0.0 |    96
        Lair:2 |       0 |    2032 |   0.0 |       0 |      13 |   0.0 |   148
        Lair:3 |       0 |    1164 |   0.0 |       0 |       9 |   0.0 |   278
        Lair:4 |       0 |   13385 |   0.0 |       0 |      35 |   0.0 |   284
        Lair:5 |       0 |    2448 |   0.0 |       0 |      11 |   0.0 |   124
        Lair:6 |       0 |   19508 |   0.0 |       0 |      60 |   0.0 |   418
       Swamp:1 |       0 |     568 |   0.0 |       0 |       3 |   0.0 |   136
       Swamp:2 |       0 |    4823 |   0.0 |       0 |      21 |   0.0 |    89
       Swamp:3 |       0 |     893 |   0.0 |       0 |       4 |   0.0 |    74
       Swamp:4 |       0 |    1110 |   0.0 |       0 |       4 |   0.0 |    81
         Sewer |       0 |     138 |   0.0 |       0 |       6 |   0.0 |    94
        Bailey |       0 |    2071 |   0.0 |       0 |      21 |   0.0 |   178
         IceCv |       0 |   14146 |   0.0 |       0 |      57 |   0.0 |   490
               +---------+---------+-------+---------+---------+-------+---------

Table legend:
 A = Turns spent in this place as a percentage of turns spent in the entire game.
 B = Non-inter-level travel turns spent in this place as a percentage of non-inter-level travel turns spent in the entire game.
 C = Inter-level travel turns spent in this place as a percentage of turns spent in this place.
 D = Turns resting spent in this place as a percentage of non-inter-level travel turns spent in this place.
 E = Turns spent auto-exploring this place as a percentage of non-inter-level travel turns spent in this place.
 F = Non-inter-level travel turns spent in this place divided by the number of levels of this place that you've seen.
                   A       B       C       D       E      F
               +-------+-------+-------+-------+-------+----------------------
         Total | 100.0 | 100.0 |   0.2 |   0.0 |   0.0 | 213.3
       Dungeon |  52.6 |  52.7 |   0.0 |   0.0 |   0.0 | 243.5
        Temple |   2.7 |   2.4 |   8.8 |   0.0 |   0.0 | 135.0
          Lair |  24.2 |  24.3 |   0.0 |   0.0 |   0.0 | 224.7
         Swamp |   6.8 |   6.9 |   0.0 |   0.0 |   0.0 |  95.0
         Sewer |   1.7 |   1.7 |   0.0 |   0.0 |   0.0 |  94.0
        Bailey |   3.2 |   3.2 |   0.0 |   0.0 |   0.0 | 178.0
      Ice Cave |   8.8 |   8.8 |   0.0 |   0.0 |   0.0 | 490.0
               +-------+-------+-------+-------+-------+----------------------

Table legend:
 A = Kills in this place as a percentage of kills in entire the game.
 B = Kills by you in this place as a percentage of kills by you in the entire game.
 C = Kills by friends in this place as a percentage of kills by friends in the entire game.
 D = Other kills in this place as a percentage of other kills in the entire game.
 E = Experience gained in this place as a percentage of experience gained in the entire game.
 F = Experience gained in this place divided by the number of levels of this place that you have seen.
                   A       B       C       D       E      F
               +-------+-------+-------+-------+-------+----------------------
         Total | 100.0 | 100.0 | 100.0 |   N/A | 100.0 | 2865.9
       Dungeon |  37.9 |  35.8 |  87.5 |   N/A |  15.8 | 980.8
          Lair |  32.8 |  33.7 |  12.5 |   N/A |  52.3 | 6499.0
         Swamp |   8.1 |   8.4 |   0.0 |   N/A |   9.9 | 1848.5
         Sewer |   1.5 |   1.6 |   0.0 |   N/A |   0.2 | 138.0
        Bailey |   5.3 |   5.5 |   0.0 |   N/A |   2.8 | 2071.0
      Ice Cave |  14.4 |  15.0 |   0.0 |   N/A |  19.0 | 14146.0
               +-------+-------+-------+-------+-------+----------------------

Vault maps used:
D:1:      dpeg_arrival_short_road, grunt_decor_mini_mirrors,
          minmay_curled_crystal
D:2:      makhleb_grotto_becter, xom_redecorated, zin_scriptorium,
          uniq_crazy_yiuf_cottage
D:4:      serial_shops, nicolae_shop_waterfront, gup_sewer_entry_bowl,
          first_ration, uniq_pikel
D:6:      vehumet_crystals, basic_altar, uniq_grinder
D:7:      minmay_temple_entry_glassed_door
D:9:      orc_david_3, serial_shops, kennysheep_mini_moat,
          hangedman_pestilent_swarm, uniq_maurice, uniq_erica
D:11:     lair_entry_dummy, lightli_bailey_entry_fortress, elyvilon_altar_4
D:12:     serial_shops, statue_bzr
Temple:   dpeg_five_rooms_temple
Lair:1:   serial_bayou_lake_a
Lair:2:   swamp_mist, grunt_megastairs_4
Lair:3:   dummy_snake_entry, portal_ice_cave_entry_ice_beasts, minmay_hedge_maze
Lair:4:   basic_altar, nicolae_volcano_entry_two_sided,
          bobbens_dragon_lair_wall, serial_bayou_shore_b
Lair:5:   slime_dummy, lemuel_centaur_altar, serial_bayou_shore_b
Lair:6:   evil_forest, minmay_lair_oklob_chamber, grunt_megastairs_2
Swamp:1:  nicolae_swamp_godswood
Swamp:2:  wheals_swamp_sinkhole, uniq_aizul
Swamp:3:  nicolae_swamp_very_dense_foliage
Swamp:4:  swamp_old_school, swamp_pool3, uniq_mara
Sewer:    sewer_co_purgy_island
Bailey:   bailey_axe_bossmonster_kennysheep, bailey
IceCv:    ice_cave_caverns_01
